 Dungeon Sprint DCSS version 0.30-a0-49-g1cef19eb02 (webtiles) character file.

Game seed: 11821686596477445398

7718 rocky1 the Destroyer (level 11, 0/78 HPs)
             Began as an Octopode Conjurer on Sept 3, 2022.
             Was the Champion of Sif Muna.
             Slain by an elephant (4 damage)
             ... in the Dungeon (Sprint VII: "The Pits").
             The game lasted 00:28:01 (3855 turns).

rocky1 the Destroyer (Octopode Conjurer)            Turns: 3855, Time: 00:28:02

Health: 0/78       AC:  9    Str:  6    XL:     11   Next: 19%
Magic:  16/24      EV: 16    Int: 26    God:    Sif Muna [******]
Gold:   0          SH:  0    Dex: 10    Spells: 6/28 levels left

rFire   . . .      SeeInvis .    o - +2 morningstar (protect)
rCold   . . .      Faith    .    (no shield)
rNeg    . . .      Spirit   .    (helmet restricted)
rPois   .          Reflect  .    (no amulet)
rElec   .          Harm     .    c - +3 ring of protection
rCorr   .          Rampage  .    l - +3 ring of protection
Will    .....      NoTele   +    (no ring)
Stlth   +++++.....               (no ring)
HPRegen 0.23/turn                (no ring)
MPRegen 0.19/turn                (no ring)
                                 (no ring)
                                 (no ring)

@: slightly contaminated, slowed, very slow
A: almost no armour, amphibious, 8 rings, camouflage 1, gelatinous body 1,
(nimble swimmer 1), tentacles, iridescent scales 1, wild magic 1, noise
suppression
a: Renounce Religion, Channel Magic, Forget Spell, Divine Exegesis


You were in the Dungeon.
You worshipped Sif Muna.
Sif Muna was exalted by your worship.
You visited 1 branch

Inventory:

Hand Weapons
 j - a +1 mace of protection
 k - a +1 quarterstaff of protection
 o - a +2 morningstar of protection (weapon)
 p - a +4 quarterstaff of speed
Jewellery
 c - a +3 ring of protection (left tentacle)
 l - a +3 ring of protection (right tentacle)
Scrolls
 h - 5 scrolls of amnesia
Potions
 a - 2 potions of magic
 b - 2 potions of curing
 e - a potion of berserk rage
 g - 2 potions of invisibility
 m - a potion of resistance


   Skills:
 + Level 8.5 Fighting
 - Level 10.1 Dodging
 - Level 11.0 Stealth
 - Level 9.3 Spellcasting
 - Level 12.1 Conjurations
 - Level 3.8 Translocations
 + Level 11.0 Transmutations
 + Level 8.2 Earth Magic
 - Level 10.0 Invocations


You had 6 spell levels left.
You knew the following spells:

 Your Spells              Type           Power      Damage    Failure   Level
a - Magic Dart            Conj           100%       1d8       1%          1
b - Searing Ray           Conj           100%       2d8       1%          2
c - Iskenderun's Mystic   Conj/Tloc      63%        2d13      3%          4
d - Iskenderun's Battles  Conj           78%        2d13      1%          5
e - Irradiate             Conj/Tmut      38%        3d24      2%          5
f - Lee's Rapid Deconstr  Erth           32%        3d17*     8%          5

Your spell library contained the following spells:

 Spells                   Type           Power      Damage    Failure   Level
 Stone Arrow              Conj/Erth      100%       3d13      1%          3
 Conjure Flame            Conj/Fire      54%        6-21      2%          3
 Dazzling Flash           Conj/Hex       100%       N/A       2%          3
 Blade Hands              Tmut           37%        N/A       3%          5
 Fulminant Prism          Conj/Hex       27%        3d14      7%          4
 Sticky Flame             Conj/Fire      54%        2d7       7%          4
 Necrotise                Necr           60%        1d7       8%          1
 Call Imp                 Summ           15%        N/A       12%         2
 Sublimation of Blood     Necr           15%        N/A       12%         2
 Leda's Liquefaction      Hex/Erth       21%        N/A       13%         4
 Fireball                 Conj/Fire      27%        3d12      16%         5
 Iron Shot                Conj/Erth      35%        9d7       17%         6
 Summon Guardian Golem    Hex/Summ       15%        N/A       21%         3
 Tukima's Dance           Hex            15%        N/A       21%         3
 Borgnjor's Vile Clutch   Necr/Erth      21%        N/A       34%         5
 Freezing Cloud           Conj/Ice/Air   21%        6-21      34%         5
 Anguish                  Hex/Necr       7%         N/A       52%         4
 Corpse Rot               Necr/Pois/Air  15%        N/A       52%         4
 Conjure Ball Lightning   Conj/Air       27%        3x3d8     61%         6
 Starburst                Conj/Fire      27%        6d9       61%         6
 Silence                  Hex/Air        7%         N/A       86%         5
 Dispersal                Tloc           20%        N/A       88%         6
 Simulacrum               Ice/Necr       7%         N/A       100%        6
 Orb of Destruction       Conj           39%        9d11      36%         7
 Dragon Form              Tmut           37%        N/A       50%         7
 Disjunction              Tloc           20%        N/A       100%        8
 Infestation              Necr           7%         N/A       100%        8
 Chain Lightning          Conj/Air       27%        3d36      100%        9
 Fire Storm               Conj/Fire      27%        8d7       100%        9


Dungeon Overview and Level Annotations

Branches:
Dungeon (1/1)

Altars:
Ashenzari
Cheibriados
Dithmenos
Elyvilon
Fedhas
Gozag
Hepliaklqana
Kikubaaqudgha
Makhleb
Nemelex Xobeh
Okawaru
Qazlal
Ru
Sif Muna
Trog
Uskayaw
Vehumet
Wu Jian
Xom
Yredelemnul
Zin
The Shining One
Jiyva
Lugonu


Innate Abilities, Weirdness & Mutations

You cannot wear most types of armour.
You are amphibious.
You can wear up to eight rings at the same time.
Your skin changes colour to match your surroundings (Stealth+).
Your rubbery body absorbs attacks. (AC +1, EV +1)
((You are camouflaged when in or above water. (Stealth+)))
You have tentacles for arms and can constrict up to eight enemies at once.
You are partially covered in iridescent scales. (AC +2)
Your spells are a little harder to cast, but a little more powerful.
You passively dampen the noise of your surroundings.


Message History

You kill the deep troll!
Sif Muna accepts your kill.
An elephant comes into view.
The crimson imp lashes its tail.
A wraith comes into view.
The crimson imp blinks!
Your Transmutations skill increases to level 11!
Your Earth Magic skill increases to level 8!
Unknown command.
You feel better.
Unknown command.
You closely miss the crimson imp. Your grab misses the crimson imp.
You tentacle-slap the crimson imp. Your squeeze misses the crimson imp.
The crimson imp is lightly wounded.
The crimson imp misses you. The crimson imp closely misses you.
The elephant barely misses you.
The elephant trunk-slaps you but does no damage.
The crimson imp misses you.
You miss the crimson imp. You grab the crimson imp.
You constrict the crimson imp. The elephant tramples you!
* * * LOW HITPOINT WARNING * * *
You stumble backwards!
The crimson imp hits you but does no damage.
The elephant misses you. The elephant trunk-slaps you.
* * * LOW HITPOINT WARNING * * *
The crimson imp completely misses you. The wraith hits your battlesphere.
The wraith drains your battlesphere's vigour!
Your battlesphere seems to slow down.
Casting: Irradiate (dangerous; 2% risk of failure)
Confirm with . or Enter, or press ? or * to list all spells.
You erupt in a fountain of uncontrolled magic!
The crimson imp is blasted with magical radiation!!!
You kill the crimson imp!
Sif Muna accepts your kill.
The elephant is blasted with magical radiation!!!
The elephant is heavily wounded.
The elephant twists and deforms.
You are lightly contaminated with residual magic.
The elephant tramples you.
You die...

........###.###..##h#.#
..#..#...#....#..#.....
.........'....'..'.W...
..#..#...#.)..#..#....
......†.###.###..## .
##....###....#....#
.##..##.....##..W.##
..+..'.....##...Y..##
..+..')..###...*@...#
########## ##########


You could see an elephant (misshapen), a wraith and a friendly battlesphere
(slow).

Vanquished Creatures
  A hydra (D)
  A deep troll (D)
  A phantasmal warrior (D)
  A swamp dragon (D)
  4 elephants (D)
  A molten gargoyle (D)
  A smoke demon (D)
  An unseen horror (D)
  A hellwing (D)
  2 trolls (D)
  A merfolk (D)
  A polar bear (D)
  A shadow (D)
  A wraith (D)
  4 yaks (D)
  A wyvern (D)
  A redback (D)
  A water moccasin (D)
  2 floating eyes (D)
  An orc warrior (D)
  An ogre (D)
  A wolf (D)
  A centaur (D)
  3 killer bees (D)
  A crimson imp (D)
  A quasit (D)
  A hound (D)
  A jelly (D)
  An orc priest (D)
  A gnoll bouda (D)
  An iguana (D)
  4 orc wizards (D)
  5 gnolls (D)
  A river rat (D)
  An adder zombie (D)
  13 orcs (D)
  An endoplasm (D)
  A giant cockroach (D)
  2 goblins (D)
  A hobgoblin (D)
  4 jackals (D)
  A quokka (D)
  A ball python (D)
  A bat (D)
  2 frilled lizards (D)
  A kobold (D)
  A quokka skeleton (D)
81 creatures vanquished.

Vanquished Creatures (collateral kills)
  A basilisk (D)
1 creature vanquished.

Grand Total: 82 creatures vanquished

Notes
Turn   | Place    | Note
-------+----------+-------------------------------------------
     0 | D        | rocky1 the Octopode Conjurer began the quest for the Orb.
     0 | D        | Reached XP level 1. HP: 11/11 MP: 3/3
    44 | D        | Found a bloodstained altar of Trog.
    44 | D        | Found a shimmering blue altar of Sif Muna.
    44 | D        | Found a viscous altar of Jiyva.
    44 | D        | Found a hazy altar of Hepliaklqana.
    44 | D        | Found an opulent altar of Gozag.
    45 | D        | Found a glowing golden altar of the Shining One.
    45 | D        | Found a glowing silver altar of Zin.
    45 | D        | Found a basalt altar of Yredelemnul.
    45 | D        | Found a shimmering altar of Xom.
    45 | D        | Found an ornate altar of the Wu Jian Council.
    45 | D        | Found a sacrificial altar of Ru.
    45 | D        | Found a stormy altar of Qazlal.
    45 | D        | Found an iron altar of Okawaru.
    45 | D        | Found a sparkling altar of Nemelex Xobeh.
    45 | D        | Found a burning altar of Makhleb.
    45 | D        | Found a blossoming altar of Fedhas.
    45 | D        | Found a white marble altar of Elyvilon.
    45 | D        | Found a shadowy altar of Dithmenos.
    45 | D        | Found a snail-covered altar of Cheibriados.
    47 | D        | Found a radiant altar of Vehumet.
    47 | D        | Found a corrupted altar of Lugonu.
    48 | D        | Found a hide-covered altar of Uskayaw.
    48 | D        | Found an ancient bone altar of Kikubaaqudgha.
    48 | D        | Found a broken altar of Ashenzari.
    50 | D        | Became a worshipper of Sif Muna the Loreminder
    74 | D        | Reached skill level 5 in Conjurations
   304 | D        | Reached * piety under Sif Muna
   305 | D        | Reached skill level 6 in Conjurations
   305 | D        | Reached XP level 2. HP: 17/17 MP: 3/5
   308 | D        | Reached skill level 7 in Conjurations
   308 | D        | Reached XP level 3. HP: 21/21 MP: 3/6
   352 | D        | Noticed a floating eye
   358 | D        | Reached ** piety under Sif Muna
   375 | D        | Reached *** piety under Sif Muna
   397 | D        | Paralysed by a floating eye for 3 turns
   400 | D        | Killed a floating eye
   401 | D        | Reached skill level 5 in Stealth
   401 | D        | Reached XP level 4. HP: 22/30 MP: 7/9
   401 | D        | Reached XP level 5. HP: 26/36 MP: 7/10
   500 | D        | Learned a level 2 spell: Searing Ray
   505 | D        | Learned a level 4 spell: Iskenderun's Mystic Blast
   532 | D        | Noticed an orc warrior
   540 | D        | Noticed an ogre
   549 | D        | Reached **** piety under Sif Muna
   556 | D        | Reached skill level 8 in Conjurations
   556 | D        | Reached skill level 1 in Translocations
   559 | D        | Killed an orc warrior
   559 | D        | Reached ***** piety under Sif Muna
   560 | D        | Reached XP level 6. HP: 10/43 MP: 0/12
   564 | D        | Received a gift from Sif Muna
   565 | D        | Reached skill level 5 in Dodging
   565 | D        | Reached skill level 5 in Invocations
   761 | D        | Received a gift from Sif Muna
   764 | D        | Got Sif Muna's Compilation of the Birds and Displacement
                  | {god gift}
   774 | D        | Learned a level 5 spell: Iskenderun's Battlesphere
   791 | D        | Reached skill level 5 in Spellcasting
   791 | D        | Reached XP level 7. HP: 31/49 MP: 9/14
   793 | D        | Reached skill level 5 in Fighting
   921 | D        | Paralysed by a floating eye for 4 turns
   926 | D        | Reached skill level 9 in Conjurations
   941 | D        | Received a gift from Sif Muna
   952 | D        | Learned a level 5 spell: Irradiate
   968 | D        | Noticed a troll
   968 | D        | Noticed a swamp dragon
   987 | D        | Reached skill level 1 in Transmutations
   987 | D        | Killed a troll
   988 | D        | Reached XP level 8. HP: 39/55 MP: 8/17
   993 | D        | Killed a swamp dragon
   994 | D        | Reached skill level 10 in Stealth
   994 | D        | Reached skill level 10 in Conjurations
  1483 | D        | Noticed a merfolk
  1506 | D        | HP: 1/55 [merfolk/+0 trident (23)]
  1512 | D        | Killed a merfolk
  1704 | D        | Noticed a hellwing
  1706 | D        | Noticed a four-headed hydra
  1715 | D        | Reached skill level 5 in Transmutations
  1715 | D        | Reached XP level 9. HP: 28/61 MP: 9/19
  1986 | D        | Killed a hellwing
  2023 | D        | Killed an eight-headed hydra
  2024 | D        | Reached skill level 11 in Conjurations
  2035 | D        | Received a gift from Sif Muna
  2041 | D        | Reached skill level 10 in Invocations
  2046 | D        | Got Sif Muna's Lessons on the Bloody Mountains {god gift}
  2179 | D        | Learned a level 5 spell: Lee's Rapid Deconstruction
  2213 | D        | Noticed a smoke demon
  2213 | D        | Noticed a phantasmal warrior
  2233 | D        | Reached ****** piety under Sif Muna
  2234 | D        | Reached XP level 10. HP: 44/66 MP: 6/22
  2243 | D        | Killed a phantasmal warrior
  2244 | D        | Killed a smoke demon
  2640 | D        | Reached skill level 12 in Conjurations
  2643 | D        | Received a gift from Sif Muna
  2889 | D        | Got Sif Muna's Quarto of Dynamic Curses {god gift}
  2907 | D        | Reached skill level 10 in Dodging
  3028 | D        | Received a gift from Sif Muna
  3034 | D        | Got Sif Muna's Papyrus of Confrontation and the Gathering
                  | {god gift}
  3190 | D        | Killed an unseen horror
  3280 | D        | Noticed an elephant
  3281 | D        | Noticed an elephant
  3286 | D        | Noticed a deep troll
  3286 | D        | Noticed an elephant
  3288 | D        | Noticed an elephant
  3290 | D        | Killed an elephant
  3291 | D        | Reached skill level 5 in Earth Magic
  3321 | D        | Killed an elephant
  3321 | D        | Gained mutation: You are frail. (-10% HP) [mutagenic glow]
  3325 | D        | Killed an elephant
  3326 | D        | Killed an elephant
  3344 | D        | Gained mutation: You are very frail. (-20% HP) [mutagenic
                  | glow]
  3695 | D        | Lost mutation: You are very frail. (-20% HP) [potion of
                  | mutation]
  3695 | D        | Lost mutation: You are frail. (-10% HP) [potion of
                  | mutation]
  3695 | D        | Gained mutation: You passively dampen the noise of your
                  | surroundings. [potion of mutation]
  3695 | D        | Gained mutation: Your spells are a little harder to cast,
                  | but a little more powerful. [potion of mutation]
  3695 | D        | Gained mutation: You are partially covered in iridescent
                  | scales. (AC +2) [potion of mutation]
  3796 | D        | Reached skill level 10 in Transmutations
  3814 | D        | Noticed a molten gargoyle
  3831 | D        | Killed a molten gargoyle
  3831 | D        | Received a gift from Sif Muna
  3832 | D        | Reached XP level 11. HP: 52/75 MP: 13/24
  3832 | D        | Got Sif Muna's Handbook of Cloudy Bewitchment {god gift}
  3849 | D        | HP: 3/76 [polar bear (3)]
  3851 | D        | Killed a deep troll
  3854 | D        | HP: 3/78 [elephant (2)]
  3855 | D        | Slain by an elephant

Illustrated notes

Levels and vault maps discovered:
D:        pitsprint [storerooms_1, entrance_room_1, metal_vault_4, armoury_3,
          mini_pit_1, grid_room_1, main_hall_1, silver_pit, the_coven_3,
          the_vestibule_1, steel_vault_3, golden_pit, hallway_of_sentries,
          crystal_vault_1, iron_vault_2, final_vault]

Skill      XL: |  1  2  3  4  5  6  7  8  9 10 11 |
---------------+----------------------------------+-----
Conjurations   | 6 7 8 9 10 11 12 | 12.1
Stealth        | 5 7 8 9 11 | 11.0
Fighting       | 2 4 5 7 8 |  8.5
Dodging        | 3 4 5 6 7 9 10 | 10.1
Spellcasting   | 3 4 5 6 7 8 9 |  9.3
Invocations    | 3 4 5 7 8 10 | 10.0
Translocations | 2 3 |  3.8
Transmutations | 2 5 7 10 11 | 11.0
Earth Magic    | 7 8 |  8.2

Action                   |  1- 3 |  4- 6 |  7- 9 | 10-12 || total
-------------------------+-------+-------+-------+-------++-------
Melee: Unarmed           |    35 |     3 |    25 |       ||    63
       Constrict         |    11 |     4 |     3 |     1 ||    19
       Tentacles         |     7 |     6 |       |     3 ||    16
       Punch             |     1 |       |     1 |     1 ||     3
       Mace              |       |     8 |     7 |       ||    15
       Morningstar       |       |       |     3 |    18 ||    21
       Tailslap          |       |       |     7 |       ||     7
       Bite              |       |       |     2 |       ||     2
 Cast: Magic Dart        |     8 |    12 |     9 |    28 ||    57
       Searing Ray       |       |     8 |     4 |       ||    12
       Irradiate         |       |       |     2 |    14 ||    16
       Iskenderun's Batt |       |       |     2 |     6 ||     8
       Iskenderun's Myst |       |       |     2 |     9 ||    11
       Dragon Form       |       |       |     1 |       ||     1
Invok: Channel Magic     |       |     1 |       |     2 ||     3
       Divine Exegesis   |       |       |     1 |       ||     1
 Abil: Breathe Fire      |       |       |     2 |       ||     2
  Use: Potion            |     1 |     7 |    10 |     9 ||    27
       Scroll            |       |     1 |     1 |       ||     2
 Stab: Sleeping          |       |       |     1 |       ||     1
Armor: Skin              |     5 |     1 |    26 |    32 ||    64
Dodge: Dodged            |    25 |    16 |    53 |    50 ||   144

Table legend: (Time is in decaauts)
 A = Elapsed time spent in this place.
 B = Non-inter-level travel time spent in this place.
 C = Inter-level travel time spent in this place.
 D = Time resting spent in this place.
 E = Time spent auto-exploring this place.
 F = Levels seen in this place.
 G = Mean time per level.
                   A        B        C        D        E       F      G
               +--------+--------+--------+--------+--------+-----+--------+
         Total |   3865 |   3820 |     45 |   2775 |      0 |   1 | 3865.0 |
       Dungeon |   3865 |   3820 |     45 |   2775 |      0 |   1 | 3865.0 |
               +--------+--------+--------+--------+--------+-----+--------+

Top non-repeatable levels by time:
       D: 3865 daAuts
